 Dungeon Crawl Stone Soup version 0.13-a0-3016-gcb2faac (webtiles) character file.

1401 Sachiko the Shield-Bearer (level 8, -4/69 HPs)
             Began as a Lava Orc Fighter on Sept 10, 2013.
             Was a Follower of Okawaru.
             Slain by an orc
             ... wielding a +0,+1 orcish flail
              (6 damage)
             ... on Level 5 of the Dungeon.
             The game lasted 00:24:25 (4619 turns).

Sachiko the Shield-Bearer (Lava Orc Fighter)        Turns: 4619, Time: 00:24:25

HP  -4/69        AC  8     Str 20      XL: 8   Next: 13%
MP   0/7         EV  7     Int  8      God: Okawaru [*.....]
Gold 269         SH 22     Dex 11      Spells:  0 memorised,  7 levels left

Res.Fire  : + + +   See Invis. : .   a - +1,+0 orc falchion
Res.Cold  : . . .   Warding    : .   b - +0 orc scale mail
Life Prot.: . . .   Conserve   : .   c - +0 orc shield
Res.Poison: .       Res.Corr.  : .   (no helmet)
Res.Elec. : .       Clarity    : .   (no cloak)
Sust.Abil.: + .     Spirit.Shd : +   (no gloves)
Res.Mut.  : .       Stasis     : .   (no boots)
Res.Rott. : .       Flight     : .   g - amulet of guardian spirit
Saprovore : + . .                    n - ring of sustain abilities
                                     m - ring of protection from cold

@: about to teleport, slightly resistant to hostile enchantments, extremely
unstealthy
A: conserve scrolls, saprovore 1
a: Heroism, Renounce Religion


You were on level 5 of the Dungeon.
You worshipped Okawaru.
Okawaru was pleased with you.
You were very hungry.

You visited 2 branches of the dungeon, and saw 7 of its levels.

You collected 249 gold pieces.

Inventory:

Hand weapons
 a - a +1,+0 orcish falchion (weapon)
Armour
 b - a +0 orcish scale mail (worn)
 c - a +0 orcish shield (worn)
 o - a +0 scale mail
Magical devices
 f - a wand of hasting (2)
Comestibles
 d - 3 meat rations
 k - a lemon
 q - a pear
Scrolls
 e - 8 scrolls of remove curse
 j - 2 scrolls of identify
 p - 3 scrolls of teleportation
Jewellery
 g - an amulet of guardian spirit (around neck)
 m - a ring of protection from cold (left hand)
 n - a ring of sustain abilities (right hand)
Potions
 l - a potion of speed
Books
 i - a book of the Warp

   Spells                             Type                      Level
   Recall                             Summoning/Translocation      3
   Control Teleport                   Charms/Translocation         4
   Phase Shift                        Translocation                5
   Warp Weapon                        Charms/Translocation         5
   Dispersal                          Translocation                6
   Controlled Blink                   Translocation                7
   Disjunction                        Translocation                8


   Skills:
 + Level 6.1 Fighting
 + Level 5.4 Long Blades
 + Level 6.0 Armour
 - Level 0.5 Dodging
 + Level 6.9 Shields


You had 7 spell levels left.
You didn't know any spells.

Dungeon Overview and Level Annotations

Branches:
Dungeon (6/27)             Temple (1/1) D:4
    Orc: D:6-11

Altars:
Ashenzari
Cheibriados
Elyvilon
Fedhas
Kikubaaqudgha
Makhleb
Nemelex Xobeh
Okawaru
Sif Muna
Trog
Vehumet
Xom
Yredelemnul
Zin
the Shining One


Innate Abilities, Weirdness & Mutations

You have stony skin.
You cover ground slowly.
Your flesh is almost immune to the effects of heat.
Your fire spells are more powerful.
Your flesh is vulnerable to cold.
Your heat harms attackers.
You bathe your surroundings in blazing heat.
You are too hot to use scrolls.
You are very good at protecting items from fire.
You can tolerate rotten meat.


Message History

The orc priest wields an orcish flail.
The orc warrior hits you with a runed scythe.
* * * LOW HITPOINT WARNING * * *
You block the orc's attack.
You climb upwards.
There is a stone staircase leading down here.
You hit the orc warrior but do no damage.
The orc warrior is moderately wounded.
Your stony skin melts.
You hit the orc warrior.
The orc warrior is heavily wounded.
You block the orc's attack.
The orc warrior hits you with a runed scythe!
* * * LOW HITPOINT WARNING * * *
Drink which item? (? for menu, Esc to quit)
Okay, then.
Read which item? (? for menu, Esc to quit)
As you read the scroll of teleportation, it crumbles to dust.
You feel strangely unstable. The orc hits you with an orcish flail!
You die...

#..........# #
##...##.....#
##
##....####...#
.###.....#
#....#
..#....###
#...##
.......#
#....#
.....###
##...## ....##
#..o.# #####
##..@###
#...o.######
##.....#...##
##.........##
###........###
#....#.....#
######.....###
###.....###
##....#..


You could see an orc warrior and an orc.

Vanquished Creatures
  The ghost of kchris the Shield-Bearer, an average DsFi of Kikubaaqudgha (D:4)
  An ice beast (D:5)
  An ogre (D:4)
  A centaur (D:6)
  Sigmund (D:6)
  6 crimson imps
  3 orc priests
  A scorpion (D:6)
  3 worker ants
  An orc wizard (D:4)
  Ijyb (D:3)
  Terence (D:3)
  6 adders
  A giant mite (D:6)
  17 orcs
  A bat zombie (D:6)
  7 giant cockroaches
  10 hobgoblins
  4 jackals (D:1)
  9 kobolds
  A quokka (D:3)
  2 ball pythons (D:3)
  11 bats
  4 giant geckos
  6 giant newts
  10 goblins
  A hobgoblin skeleton (D:5)
  A hobgoblin zombie (D:4)
  A quokka zombie (D:5)
  11 rats
124 creatures vanquished.

Notes
Turn   | Place    | Note
--------------------------------------------------------------
     0 | D:1      | Sachiko, the Lava Orc Fighter, began the quest for the Orb.
     0 | D:1      | Reached XP level 1. HP: 19/19 MP: 0/0
   136 | D:1      | Reached XP level 2. HP: 16/26 MP: 1/1
   560 | D:1      | Reached skill level 4 in Fighting
   922 | D:2      | Reached XP level 3. HP: 31/33 MP: 2/2
  1040 | D:2      | Found a basalt altar of Yredelemnul.
  1572 | D:3      | Noticed Ijyb
  1590 | D:3      | Killed Ijyb
  1590 | D:3      | Reached XP level 4. HP: 33/40 MP: 3/3
  2083 | D:3      | Found a burning altar of Makhleb.
  2083 | D:3      | Found a basalt altar of Yredelemnul.
  2083 | D:3      | Noticed Terence
  2096 | D:3      | Killed Terence
  2427 | D:4      | Noticed kchris' ghost (average DsFi)
  2434 | D:3      | Reached XP level 5. HP: 46/46 MP: 4/4
  2482 | D:4      | Killed kchris' ghost
  2482 | D:4      | Reached skill level 5 in Fighting
  2482 | D:4      | Reached XP level 6. HP: 34/53 MP: 3/5
  2529 | D:4      | Reached skill level 5 in Shields
  2530 | D:4      | Noticed an ogre
  2569 | D:4      | Killed an ogre
  2569 | D:4      | Reached skill level 5 in Armour
  2696 | D:4      | Reached XP level 7. HP: 37/60 MP: 6/6
  2849 | D:4      | Found a staircase to the Ecumenical Temple.
  2855 | Temple   | Entered the Ecumenical Temple
  2879 | Temple   | Became a worshipper of Warmaster Okawaru
  3157 | D:5      | Entered Level 5 of the Dungeon
  3612 | D:5      | Reached skill level 6 in Shields
  3807 | D:5      | Reached skill level 5 in Long Blades
  4122 | D:6      | Noticed Sigmund
  4163 | D:6      | Killed Sigmund
  4163 | D:6      | Acquired Okawaru's first power
  4163 | D:6      | Reached XP level 8. HP: 33/69 MP: 4/7
  4199 | D:6      | Found a sparkling altar of Nemelex Xobeh.
  4618 | D:5      | HP: 2/69 [orc warrior/runed scythe (18)]
  4619 | D:5      | Slain by an orc

Action                   |  1- 3 |  4- 6 |  7- 9 || total
-------------------------+-------+-------+-------++-------
Melee: Falchion          |   183 |   180 |   332 ||   695
  Use: Scroll            |     9 |       |     2 ||    11
       Potion            |     6 |     2 |     4 ||    12
